 Dungeon Crawl Stone Soup version 0.27-a0-1242-ge70438ac7b (webtiles) character file.

Game seed: 7145861096903881950

1415 Delamore the Spear-Bearer (level 9, -20/68 HPs)
             Began as a Formicid Fighter on June 9, 2021.
             Was a Plaything of Xom.
             Demolished by a boulder beetle (26 damage)
             ... created by the adversity of Qazlal
             ... on level 5 of the Dungeon.
             The game lasted 00:06:44 (5726 turns).

Delamore the Spear-Bearer (Formicid Fighter)        Turns: 5726, Time: 00:06:44

Health: -20/68     AC:  6    Str: 23 (24) XL:     9   Next: 2%
Magic:  9/9        EV:  8    Int:  7 (8)  God:    Xom [..*...]
Gold:   94         SH: 10    Dex:  5 (10) Spells: 8/8 levels left

rFire    . . .     SeeInvis +   a - +1 trident
rCold    . . .     Faith    .   c - +1 kite shield
rNeg     + . .     Spirit   .   b - +0 scale mail
rPois    +         Reflect  .   (helmet unavailable)
rElec    .         Harm     .   (no cloak)
rCorr    .         Rampage  .   h - +0 pair of gloves
Will     .....                  m - +0 pair of boots
Stlth    ..........             (no amulet)
HPRegen  0.21/turn              g - ring of positive energy
MPRegen  0.11/turn              q - ring of poison resistance

@: very slow
A: permanent stasis, dig shafts and tunnels, antennae 3, four strong arms,
deformed body, deterioration 2, subdued magic 1
a: Dig, Shaft Self, Renounce Religion


You were on level 5 of the Dungeon.
You worshipped Xom.
You were a toy of Xom.
You visited 2 branches of the dungeon, and saw 6 of its levels.

You collected 223 gold pieces.
You spent 42 gold pieces at shops.
You paid 87 gold pieces to Gozag.

Inventory:

Hand Weapons
 a - a +1 trident (weapon)
Missiles
 i - 7 javelins
 r - 14 poisoned darts
Armour
 b - a +0 scale mail (worn)
 c - a +1 kite shield (worn)
 h - a +0 pair of gloves (worn)
 m - a +0 pair of boots (worn)
Jewellery
 g - a ring of positive energy (left hand)
 q - a ring of poison resistance (right hand)
Wands
 f - a wand of acid (7)
 p - a wand of iceblast (7)
 t - a wand of digging (3)
Potions
 d - a potion of might
 e - 2 potions of invisibility
 j - a potion of haste
 k - 2 potions of berserk rage
 l - 2 potions of curing
 n - 2 potions of flight
 o - 4 potions of heal wounds {unknown}
 s - a potion of magic {unknown}
 u - a potion of brilliance {unknown}


   Skills:
 - Level 5.0 Fighting
 * Level 10.0 Polearms
 - Level 3.2 Armour
 - Level 3.6 Shields


You had 8 spell levels left.
You didn't know any spells.
Your spell library contained the following spells:

 Spells                   Type           Power      Damage    Failure   Level
 Beastly Appendage        Tmut           0%         N/A       98%         1
 Magic Dart               Conj           0%         1d3       98%         1
 Searing Ray              Conj           0%         3d3       99%         2
 Wereblood                Tmut           0%         N/A       99%         2
 Dazzling Flash           Conj/Hex       0%         N/A       100%        3
 Spider Form              Tmut/Pois      0%         N/A       100%        3
 Fulminant Prism          Conj/Hex       0%         3d6       100%        4
 Ice Form                 Ice/Tmut       0%         N/A       100%        4
 Iskenderun's Mystic Bla  Conj/Tloc      0%         2d3       100%        4


Dungeon Overview and Level Annotations

Branches:
Dungeon (5/15)             Temple (1/1) D:5

Altars:
Ashenzari
Cheibriados
Dithmenos
Elyvilon
Fedhas
Gozag
Hepliaklqana
Makhleb
Nemelex Xobeh
Okawaru
Qazlal
Ru
Sif Muna
Trog
Uskayaw
Vehumet
Xom
Yredelemnul
Zin
Jiyva

Shops:
D:1 !   D:2 (

Annotations:
D:5 1 runed translucent door, Crazy Yiuf


Innate Abilities, Weirdness & Mutations

You cannot be hasted, slowed, berserked, paralysed or teleported.
You can dig through walls and to a lower floor.
You have a pair of large antennae on your head. (SInv)
Your four strong arms can wield two-handed weapons with a shield.
Armour fits poorly on your strangely shaped body.
Your body often deteriorates upon taking damage.
Your spells are a little easier to cast, but a little less powerful.


Message History

You have turned to stone.
The water engulfing you falls away. The basilisk bites you!
The boulder beetle bites you but does no damage.
The basilisk bites you! The basilisk gazes at you. You resist with some effort.
The boulder beetle bites you!!
Your body deteriorates!
You feel dopey. The basilisk bites you. The boulder beetle bites you!
The basilisk bites you! The basilisk gazes at you.
The boulder beetle bites you but does no damage.
The basilisk bites you!
Your body deteriorates!
You feel weakened. The boulder beetle bites you!
Your body deteriorates!
You feel clumsy. The basilisk bites you!
* * * LOW HITPOINT WARNING * * *
The basilisk gazes at you. You resist with some effort.
The boulder beetle leaps!
The basilisk bites you!
* * * LOW HITPOINT WARNING * * *
The water elemental hits you!
* * * LOW HITPOINT WARNING * * *
The water elemental engulfs you in water!
The basilisk gazes at you. You resist with some effort.
The basilisk gazes at you. You resist with some effort.
The water elemental hits you!
* * * LOW HITPOINT WARNING * * *
You turn to flesh and can move again.
Unknown command.
You slip free of the water engulfing you.
You gasp with relief as air once again reaches your lungs.
The basilisk barely misses you. The basilisk gazes at you.
You resist with some effort. The basilisk gazes at you.
You resist with some effort. The boulder beetle bites you!!
You die...
Xom cackles wildly!

####.....# #.# #.#...###..
#......#.####'#######.#...# #..
#......#.##...............# #..
.#.........................###..
.........†..##...#..............
.......#.#.#..#.#......#.#.####.
......E##..#....#..#...#.#.####.
....##. #...#....##....#........
... #. #.....B@.......#...####.
.. #. #...##l...#..###...## #. .
#. #..#..#....#.###....# #. #.
#....E#.#..#..###...# ##
#....#...##...###...#
####................##
######.#######....###
#########.#####.........
...........#.........###


You could see a boulder beetle, a water elemental and a basilisk (fast,
incited).

Vanquished Creatures
  Sigmund (D:4)
  A water moccasin (D:5)
  A sky beast (D:5)
  A necrophage (D:3)
  A black bear (D:4)
  2 phantoms (D:4)
  4 scorpions
  2 jellies (D:4)
  An orc priest (D:4)
  2 hounds (D:4)
  A bullfrog skeleton (D:5)
  An iguana (D:4)
  4 orc wizards
  2 hound skeletons (D:4)
  5 adders
  3 gnolls (D:3)
  An ufetubus (D:4)
  2 adder skeletons (D:4)
  2 worms
  3 dart slugs
  14 orcs
  5 ball pythons
  6 endoplasms
  2 giant cockroaches
  4 hobgoblins
  11 jackals
  8 kobolds
  4 quokkas
  5 bats
  2 frilled lizards (D:1)
  7 goblins
  4 rats
112 creatures vanquished.

Vanquished Creatures (others)
  3 plants (D:4)
3 creatures vanquished.

Grand Total: 115 creatures vanquished

Notes
Turn   | Place    | Note
-------+----------+-------------------------------------------
     0 | D:1      | Delamore the Formicid Fighter began the quest for the Orb.
     0 | D:1      | Reached XP level 1. HP: 18/18 MP: 1/1
     1 | D:1      | Noticed a gargoyle
     7 | D:1      | Noticed a dwarf
    19 | D:1      | Noticed a centaur
   136 | D:1      | Reached XP level 2. HP: 24/24 MP: 2/2
   525 | D:1      | Found Jibaikh's Distillery.
   545 | D:1      | Reached XP level 3. HP: 29/30 MP: 3/3
   611 | D:1      | Reached skill level 3 in Polearms
   945 | D:2      | Found Puyriy's Weapon Shoppe.
  1024 | D:2      | Found a faded altar of an unknown god.
  1062 | D:2      | Became a worshipper of Nemelex Xobeh the Trickster
  1062 | D:2      | Reached * piety under Nemelex Xobeh
  1125 | D:1      | Bought a potion of curing for 42 gold pieces
  1641 | D:2      | Received a gift from Nemelex Xobeh
  1870 | D:3      | Reached XP level 4. HP: 28/37 MP: 4/4
  1961 | D:3      | Found a shimmering blue altar of Sif Muna.
  1964 | D:3      | Found a broken altar of Ashenzari.
  1967 | D:3      | Found a blossoming altar of Fedhas.
  1996 | D:3      | Found an iron altar of Okawaru.
  2236 | D:3      | Noticed a necrophage
  2248 | D:3      | Killed a necrophage
  2249 | D:3      | Reached skill level 4 in Polearms
  2249 | D:3      | Reached XP level 5. HP: 34/43 MP: 5/5
  2349 | D:3      | Reached XP level 6. HP: 32/49 MP: 6/6
  2360 | D:3      | Reached skill level 5 in Polearms
  2629 | D:3      | Reached ** piety under Nemelex Xobeh
  2747 | D:3      | Reached skill level 5 in Fighting
  3343 | D:4      | Reached skill level 6 in Polearms
  3343 | D:4      | Reached XP level 7. HP: 56/56 MP: 7/7
  3716 | D:4      | Reached skill level 7 in Polearms
  3787 | D:5      | Entered Level 5 of the Dungeon
  4226 | D:4      | Reached XP level 8. HP: 62/62 MP: 8/8
  4375 | D:4      | Found a faded altar of an unknown god.
  4375 | D:4      | Found a faded altar of an unknown god.
  4396 | D:4      | Reached skill level 8 in Polearms
  4396 | D:4      | Found a hazy altar of Hepliaklqana.
  4399 | D:4      | Fell from the grace of Nemelex Xobeh
  4399 | D:4      | Became a worshipper of Jiyva Jiezoeru the Shapeless
  4399 | D:4      | Reached * piety under Jiyva
  4409 | D:4      | Fell from the grace of Jiyva
  4409 | D:4      | Became a worshipper of Xom of Chaos
  4863 | D:4      | Noticed Sigmund
  4864 | D:4      | XOM: potion effect (curing)
  4875 | D:4      | Killed Sigmund
  4876 | D:4      | Reached skill level 9 in Polearms
  4887 | D:4      | Noticed an orange demon
  4887 | D:4      | Noticed a hellwing
  4897 | D:4      | XOM: divination: magic mapping
  4909 | D:4      | XOM: confuse monster(s)
  4988 | D:5      | XOM: cloud trail
  5048 | D:5      | Gained mutation: Your body sometimes deteriorates upon
                  | taking damage. [the vengeance of Jiyva]
  5048 | D:5      | Gained mutation: Your spells are a little easier to cast,
                  | but a little less powerful. [the vengeance of Jiyva]
  5048 | D:5      | Gained mutation: Your body often deteriorates upon taking
                  | damage. [the vengeance of Jiyva]
  5154 | D:5      | Found a runed translucent door.
  5155 | D:5      | Noticed Crazy Yiuf
  5233 | D:5      | XOM: cleaving
  5447 | D:5      | Found a staircase to the Ecumenical Temple.
  5526 | Temple   | Entered the Ecumenical Temple
  5533 | Temple   | Fell from the grace of Xom
  5533 | Temple   | Became a worshipper of Cheibriados the Contemplative
  5538 | Temple   | Fell from the grace of Cheibriados
  5538 | Temple   | Became a worshipper of Vehumet
  5545 | Temple   | Fell from the grace of Vehumet
  5545 | Temple   | Became a worshipper of Uskayaw the Reveller
  5556 | Temple   | Fell from the grace of Uskayaw
  5556 | Temple   | Became a worshipper of Trog the Wrathful
  5563 | Temple   | Fell from the grace of Trog
  5563 | Temple   | Became a worshipper of Makhleb the Destroyer
  5570 | Temple   | Fell from the grace of Makhleb
  5570 | Temple   | Became a worshipper of Elyvilon the Healer
  5580 | Temple   | Fell from the grace of Elyvilon
  5580 | Temple   | Became a worshipper of Qazlal Stormbringer
  5587 | Temple   | Fell from the grace of Qazlal
  5587 | Temple   | Became a worshipper of Ru the Awakened
  5592 | Temple   | Fell from the grace of Ru
  5592 | Temple   | Became a worshipper of Yredelemnul the Dark
  5600 | Temple   | Fell from the grace of Yredelemnul
  5600 | Temple   | Became a worshipper of Dithmenos the Shadowed
  5609 | Temple   | Fell from the grace of Dithmenos
  5609 | Temple   | Became a worshipper of Gozag Ym Sagoz the Greedy
  5622 | Temple   | Fell from the grace of Gozag
  5622 | Temple   | Became a worshipper of Xom of Chaos
  5636 | D:5      | Gained mutation: Armour fits poorly on your strangely
                  | shaped body. [the vengeance of Jiyva]
  5638 | D:5      | XOM: potion effect (brilliance)
  5642 | D:5      | XOM: potion effect (curing)
  5677 | D:5      | Reached skill level 10 in Polearms
  5677 | D:5      | Reached XP level 9. HP: 61/68 MP: 9/9
  5707 | D:5      | Noticed a boulder beetle
  5726 | D:5      | Demolished by a boulder beetle

Illustrated notes

Levels and vault maps discovered:
D:1:      shiori_arrival_whats_in_store_for_you, layout_basic, serial_shops,
          nicolae_shop_waterfront, hangedman_decor_push, minmay_crystal_water,
          glass_columns_b, minivault_23
D:2:      layout_basic, hellmonk_ecumenical_altar_crossroads, serial_shops,
          shop, kennysheep_nondescript
D:3:      layout_basic, grunt_temple_overflow_cloverleaf, st_stairs_10
D:4:      black_bear_nest_2, layout_loops_ring,
          nicolae_hepliaklqana_ecumenical_no_more, grunt_ministairs_5,
          minmay_joined_circles, uniq_sigmund
D:5:      layout_basic, minmay_temple_entry_mini_moons, uniq_crazy_yiuf_cottage
Temple:   cyrus_circular_temple

Skill      XL: |  1  2  3  4  5  6  7  8 |
---------------+-------------------------+-----
Polearms       | 3 4 6 7 10 | 10.0
Fighting       | 4 5 |  5.0
Armour         | |  3.2
Shields        | |  3.6

Action                   |  1- 3 |  4- 6 |  7- 9 || total
-------------------------+-------+-------+-------++-------
Melee: Trident           |   114 |   130 |   188 ||   432
Invok: Draw Destruction  |       |       |     5 ||     5
 Abil: Dig               |     2 |     2 |     5 ||     9
  Use: Scroll            |     7 |     4 |       ||    11
Armor: Scale mail        |    49 |    36 |    61 ||   146
Dodge: Dodged            |    42 |    34 |    44 ||   120
Block: Kite shield       |    75 |    56 |    80 ||   211

Table legend: (Time is in decaauts)
 A = Elapsed time spent in this place.
 B = Non-inter-level travel time spent in this place.
 C = Inter-level travel time spent in this place.
 D = Time resting spent in this place.
 E = Time spent auto-exploring this place.
 F = Levels seen in this place.
 G = Mean time per level.
                   A        B        C        D        E       F      G
               +--------+--------+--------+--------+--------+-----+--------+
         Total |   5848 |   5599 |    249 |    461 |   4053 |   6 |  974.7 |
       Dungeon |   5717 |   5480 |    237 |    461 |   4053 |   5 | 1143.4 |
        Temple |    131 |    119 |     12 |      0 |      0 |   1 |  131.0 |
               +--------+--------+--------+--------+--------+-----+--------+

Top non-repeatable levels by time:
     D:4: 1494 daAuts
     D:3: 1478 daAuts
     D:1: 984 daAuts
     D:5: 900 daAuts
     D:2: 859 daAuts
  Temple: 131 daAuts
